 Dungeon Crawl Stone Soup version 0.28.0-53-g5a82cb258f (webtiles) character file.

Game seed: 15482459782960413683

21 DocClef the Cudgeller (level 2, -1/19 HPs)
             Began as a Gargoyle Monk on July 5, 2022.
             Slain by an adder (3 damage)
             ... on level 2 of the Dungeon.
             The game lasted 00:00:50 (881 turns).

DocClef the Cudgeller (Gargoyle Monk)                Turns: 881, Time: 00:00:50

Health: -1/19      AC: 13    Str: 14    XL:     2   Next: 83%
Magic:  2/2        EV:  4    Int: 10    God:
Gold:   45         SH:  0    Dex: 12    Spells: 1/1 levels left

rFire   . . .      SeeInvis .   f - +0 short sword
rCold   . . .      Faith    .   (no shield)
rNeg    + . .      Spirit   .   e - +0 plate armour
rPois   ∞          Reflect  .   (no helmet)
rElec   +          Harm     .   a - +0 cloak
rCorr   .          Rampage  .   (no gloves)
Will    .....                   (no boots)
Stlth   ..........              (no amulet)
HPRegen 0.06/turn               (no ring)
MPRegen 0.08/turn               (no ring)

@: no status effects
A: sickness immunity, AC +2, negative energy resistance 1, electricity
resistance, torment resistance 1, petrification resistance
a: no special abilities


You were on level 2 of the Dungeon.
You visited 1 branch of the dungeon, and saw 2 of its levels.

You collected 45 gold pieces.

Inventory:

Hand Weapons
 f - a +0 short sword (weapon)
Armour
 a - a +0 cloak (worn)
 e - a +0 plate armour (worn)
Scrolls
 d - a scroll of amnesia {unknown}
Potions
 b - a potion of flight {unknown}
 c - a potion of haste {unknown}


   Skills:
 - Level 3.2 Fighting
 + Level 1.1 Short Blades
 - Level 3.6 Maces & Flails
 - Level 2.4 Dodging
 - Level 2.1 Stealth


You had one spell level left.
You didn't know any spells.
Your spell library was empty.

Dungeon Overview and Level Annotations

Branches:
Dungeon (2/15)

Altars:


Innate Abilities, Weirdness & Mutations

You are immune to sickness and miasma.
Your stone body is resilient. (AC +2)
You are immune to poison.
You resist negative energy. (rN+)
You are resistant to electric shocks. (rElec)
You are resistant to unholy torment.
You are immune to petrification.


Message History

You hit the adder.
The adder is heavily wounded.
The endoplasm hits you. The adder bites you but does no damage.
You closely miss the adder.
The adder is heavily wounded.
The adder bites you. The endoplasm completely misses you.
The adder completely misses you.
You hit the adder.
The adder is severely wounded.
The endoplasm freezes you.
You are frozen.
The adder bites you but does no damage.
The endoplasm hits you but does no damage.
You are too injured to fight recklessly!
You are too injured to fight recklessly!
You are too injured to fight recklessly!
You are too injured to fight recklessly!
You are too injured to fight recklessly!
You are too injured to fight recklessly!
You are too injured to fight recklessly!
You are too injured to fight recklessly!
You are too injured to fight recklessly!
You are too injured to fight recklessly!
You are too injured to fight recklessly!
You are too injured to fight recklessly!
You are too injured to fight recklessly!
You are too injured to fight recklessly!
You are too injured to fight recklessly!
You are too injured to fight recklessly!
You are too injured to fight recklessly!
Unknown command.
You closely miss the adder.
The adder is severely wounded.
The adder bites you but does no damage. The endoplasm freezes you.
You are frozen.
* * * LOW HITPOINT WARNING * * *
You closely miss the adder.
The adder is severely wounded.
The adder bites you.
You die...

.... ##.≈S.
....≈J ##..≈.
#... ##.# ##..#
##.#S##
##.###@# ##.##
##J.# #.##
#.... ##.##
.#### #####.##
. ###......#.
##
#..............
#.#.#####.##..#
#.#.# .# #


You could see an adder and an endoplasm.

Vanquished Creatures
  An adder (D:2)
  A dart slug (D:1)
  4 hobgoblins
  2 kobolds
  A ball python (D:1)
  A frilled lizard (D:1)
10 creatures vanquished.

Vanquished Creatures (others)
  9 plants
9 creatures vanquished.

Grand Total: 19 creatures vanquished

Notes
Turn   | Place    | Note
-------+----------+-------------------------------------------
     0 | D:1      | DocClef the Gargoyle Monk began the quest for the Orb.
     0 | D:1      | Reached XP level 1. HP: 14/14 MP: 1/1
   546 | D:1      | Reached XP level 2. HP: 19/19 MP: 2/2
   812 | D:2      | Reached skill level 1 in Short Blades
   881 | D:2      | Slain by an adder

Illustrated notes

Levels and vault maps discovered:
D:1:      dpeg_arrival_rooms_c, layout_rooms, serial_bayou_lagoon_a
D:2:      layout_loops_ring, chequers_serial_rivers_micro_c,
          serial_bayou_lagoon_b, uniq_sigmund, uniq_terence

Skill      XL: |  1  2 |
---------------+-------+-----
Short Blades   | 1 |  1.1
Fighting       | |  3.2
Maces & Flails | |  3.6
Dodging        | |  2.4
Stealth        | |  2.1

Action                   || total
-------------------------++-------
Melee: Mace              ||    31
       Short sword       ||    25
       Punch             ||     1
 Stab: Sleeping          ||     1
Armor: Robe              ||     7
       Plate armour      ||    41
Dodge: Dodged            ||    13
